 Dungeon Crawl Stone Soup version 0.26.1-11-gd32895ea62 (webtiles) character file.

Game seed: 17730978686290702679

57 Zeld the Sneak (level 4, 0/29 HPs)
             Began as an Octopode Brigand on May 14, 2021.
             Succumbed to a gnoll's poison
             ... on level 2 of the Dungeon.
             The game lasted 00:01:40 (1826 turns).

Zeld the Sneak (Octopode Brigand)                   Turns: 1826, Time: 00:01:41

Health: 0/29       AC:  1    Str: 11    XL:     4   Next: 0%
Magic:  6/6        EV: 13    Int: 13    God:
Gold:   49         SH:  0    Dex: 13    Spells: 6/6 levels left

rFire    . . .     SeeInvis .   a - +2 dagger
rCold    . . .     Faith    .   (no shield)
rNeg     . . .     Spirit   .   (helmet restricted)
rPois    .         Reflect  .   (no amulet)
rElec    .         Harm     .   (no ring)
rCorr    .         Rampage  .   (no ring)
Will     .....                  (no ring)
Stlth    ++++......             (no ring)
HPRegen  0.09/turn              (no ring)
MPRegen  0.10/turn              (no ring)
                                (no ring)
                                (no ring)

@: lethally poisoned (0 -> -1)
A: almost no armour, stealthy swim, amphibious, 8 rings, constrict 8, camouflage
1, gelatinous body 1
a: no special abilities


You were on level 2 of the Dungeon.
You visited 1 branch of the dungeon, and saw 2 of its levels.

You collected 49 gold pieces.

Inventory:

Hand Weapons
 a - a +2 dagger (weapon)
Missiles
 b - 8 poisoned darts (quivered)
 c - 2 curare-tipped darts
Scrolls
 d - a scroll of blinking {unknown}
 f - 2 scrolls of identify {unknown}
 g - 2 scrolls of remove curse {unknown}
Potions
 e - a potion of lignification {unknown}


   Skills:
 - Level 2.0 Fighting
 * Level 3.6 Short Blades
 - Level 2.0 Throwing
 - Level 1.0 Dodging
 - Level 5.3 Stealth
 + Level 1.5 Spellcasting


You had 6 spell levels left.
You didn't know any spells.
Your spell library was empty.

Dungeon Overview and Level Annotations

Branches:
Dungeon (2/15)

Altars:


Innate Abilities, Weirdness & Mutations

You cannot wear most types of armour.
You are very stealthy in the water. (Stealth+)
You are amphibious.
You can wear up to eight rings at the same time.
You can use your tentacles to constrict eight enemies at once.
Your skin changes colour to match your surroundings (Stealth+).
Your rubbery body absorbs attacks. (AC +1, EV +1)


Message History

There is a stone staircase leading up, spattered with blood here.
You feel sick.
You feel sick.
You feel sick.
The gnoll hits you with a +3 whip of venom!
* * * LOW HITPOINT WARNING * * *
* * * LOW HITPOINT WARNING * * *
You feel sick.
* * * LOW HITPOINT WARNING * * *
You feel sick.
* * * LOW HITPOINT WARNING * * *
You feel sick.
* * * LOW HITPOINT WARNING * * *
You feel sick.
* * * LOW HITPOINT WARNING * * *
You feel sick.
There is a stone staircase leading up, spattered with blood here.
* * * LOW HITPOINT WARNING * * *
You feel sick.
You die...

...###########...#
.. ###(# g #.# #.#
#.# #####>#####
#...g.....#
#.###.###.# #.#
#@# #.# #.# #.#
#.# ## #<# #.# #.#
.. #.###.###.##
#.###.##.#.##..##
#.......###.....#
#.....##.#.###.##
#####.###.## #.#
#.# #.# #.#


You could see a gnoll.

Vanquished Creatures
  2 gnolls
  3 dart slugs
  A leopard gecko (D:1)
  3 giant cockroaches (D:1)
  4 goblins (D:1)
  4 hobgoblins (D:1)
  4 jackals (D:1)
  4 kobolds
  3 bats (D:1)
28 creatures vanquished.

Notes
Turn   | Place    | Note
-------+----------+-------------------------------------------
     0 | D:1      | Zeld the Octopode Brigand began the quest for the Orb.
     0 | D:1      | Reached XP level 1. HP: 14/14 MP: 1/1
   389 | D:1      | Reached XP level 2. HP: 19/19 MP: 2/2
   593 | D:1      | Reached skill level 1 in Spellcasting
   842 | D:1      | Reached XP level 3. HP: 23/24 MP: 4/4
  1782 | D:1      | Reached XP level 4. HP: 29/29 MP: 6/6
  1818 | D:2      | HP: 1/29 [poisoned by a gnoll]
  1826 | D:2      | Succumbed to a gnoll's poison

Illustrated notes

Levels and vault maps discovered:
D:1:      dpeg_arrival_water_fire, layout_rooms, serial_rivers,
          chequers_serial_rivers_micro_a, chequers_serial_rivers_large_b,
          chequers_serial_rivers_room_b, chequers_serial_rivers_micro_d
D:2:      minmay_diamond_boxcup, layout_loops_ring, vehumet_crystals,
          overflow_temple_1_default

Skill      XL: |  1  2 |
---------------+-------+-----
Spellcasting   | 1 |  1.5
Short Blades   | 3 |  3.6
Fighting       | |  2.0
Throwing       | |  2.0
Dodging        | |  1.0
Stealth        | |  5.3

Action                   |  1- 3 |  4- 6 || total
-------------------------+-------+-------++-------
Melee: Dagger            |    65 |       ||    65
       Constrict         |    18 |       ||    18
       Tentacles         |    12 |       ||    12
 Stab: Sleeping          |     7 |       ||     7
Armor: Skin              |    11 |       ||    11
Dodge: Dodged            |    41 |       ||    41
